 Dungeon Crawl Stone Soup version 0.31-a0-832-g3a2c1c66ba (webtiles) character file.

Game seed: 16646626099465994590

21725 Essalna the Destroyer (level 12, 0/82 HPs)
             Began as a Gargoyle Earth Elementalist on Sept 25, 2023.
             Was a High Priest of Vehumet.
             Slain by a komodo dragon (14 damage)
             ... on level 1 of the Lair of Beasts.
             The game lasted 00:22:20 (10734 turns).

Essalna the Destroyer (GrEE)                       Turns: 10734, Time: 00:22:21

Health: 0/82       AC: 21    Str: 12    XL:     12   Next: 93%
Magic:  22/27      EV: 11    Int: 21    God:    Vehumet [*****.]
Gold:   476        SH:  4    Dex: 10    Spells: 5/19 levels left

rFire   + . .        w - staff of earth
rCold   . . .        N - +0 buckler
rNeg    + . .        l - +1 ring mail of Complete Protection {+Blink rElec MP+9 Slay-2}
rPois   ∞            (no helmet)
rElec   +            K - +2 cloak {rPois}
rCorr   .            z - +0 pair of gloves
SInv    .            e - +0 pair of boots
Will    .....        P - amulet of magic regeneration
Stlth   +            E - ring of protection from fire
HPRegen 0.33/turn    G - ring of wizardry
MPRegen 0.60/turn

%: wizardry (x1)
@: no status effects
A: sickness immunity, AC +8, negative energy resistance 1, electricity
resistance, torment resistance 1, petrification resistance
a: Renounce Religion, Evoke Blink


You were on level 1 of the Lair of Beasts.
You worshipped Vehumet.
Vehumet was extremely pleased with you.
You visited 3 branches of the dungeon, and saw 13 of its levels.

You collected 506 gold pieces.
You spent 30 gold pieces at shops.

Inventory:

Hand Weapons
 d - a +0 dagger
 q - a +1 heavy long sword
 H - a +0 dagger of venom
Missiles
 Q - a throwing net
Armour
 a - a +0 robe
 e - a +0 pair of boots (worn)
 l - the +1 ring mail of Complete Protection (worn) {+Blink rElec MP+9 Slay-2}
   (You found it on level 2 of the Dungeon)

   Slay-2:    It affects your accuracy & damage with ranged weapons and melee
   (-2).
   rElec:     It insulates you from electricity.
   MP+9:      It affects your magic capacity (+9).
   +Blink:    It lets you blink.
 s - a +0 cloak
 z - a +0 pair of gloves (worn)
 K - a +2 cloak of poison resistance (worn)
 N - a +0 buckler (worn)
Magical Staves
 w - a staff of earth (weapon)
Jewellery
 i - an amulet of faith
 m - a ring of fire
 E - a ring of protection from fire (left hand)
 G - a ring of wizardry (right hand)
 P - an amulet of magic regeneration (around neck)
 S - a ring of fire
Wands
 A - a wand of quicksilver (13)
 I - a wand of flame (48)
 J - a wand of paralysis (16)
 R - a wand of polymorph (5)
 V - a wand of iceblast (6)
Scrolls
 c - a scroll of fear {unknown}
 j - 2 scrolls of vulnerability {unknown}
 k - 3 scrolls of amnesia {unknown}
 n - 2 scrolls of poison {unknown}
 o - 3 scrolls of blinking {unknown}
 r - 3 scrolls of teleportation
 u - 3 scrolls of enchant armour {unknown}
 y - 4 scrolls of fog {unknown}
 B - a scroll of silence {unknown}
 C - a scroll of torment {unknown}
 D - a scroll of immolation {unknown}
 M - 2 scrolls of enchant weapon {unknown}
 W - a scroll of identify
Potions
 b - 2 potions of magic
 f - a potion of attraction
 g - 2 potions of invisibility
 h - 5 potions of curing
 p - a potion of berserk rage
 t - 2 potions of enlightenment
 v - 2 potions of degeneration
 x - 4 potions of might
 F - a potion of brilliance {unknown}
 L - a potion of lignification {unknown}
 O - a potion of ambrosia {unknown}
 T - a potion of haste {unknown}
 U - 2 potions of heal wounds {unknown}


   Skills:
 + Level 12.4 Fighting
 + Level 5.4 Armour
 + Level 4.3 Dodging
 - Level 2.1 Stealth
 + Level 4.5 Shields
 + Level 4.3 Spellcasting
 + Level 12.5 Conjurations
 - Level 2.0 Transmutations
 - Level 12.3 Earth Magic


You had 5 spell levels left.
You knew the following spells:

 Your Spells              Type           Power      Damage    Failure   Level
a - Sandblast             Erth           100%       2d20      1%          1
b - Stone Arrow           Conj/Erth      100%       3d13      1%          3
c - Lee's Rapid Deconstr  Erth           35%        3d18*     1%          5
d - Iskenderun's Battles  Conj           54%        2d10      1%          5

Your spell library contained the following spells:

 Spells                   Type           Power      Damage    Failure   Level
 Passwall                 Tmut/Erth      42%        N/A       1%          2
 Brom's Barrelling Bould  Conj/Erth      71%        2d8       1%          4
 Petrify                  Tmut/Erth      51%        N/A       7%          4
 Animate Armour           Summ/Erth      90%        N/A       11%         4
 Summon Guardian Golem    Hex/Summ       4%         N/A       34%         3
 Summon Lightning Spire   Summ/Air       4%         N/A       75%         4
 Orb of Destruction       Conj           27%        9d9       17%         7
 Spellforged Servitor     Conj/Summ      15%        N/A       83%         7


Dungeon Overview and Level Annotations

Branches:
Dungeon (11/15)            Temple (1/1) D:5            Lair (1/5) D:11
    Orc: D:9-12

Altars:
Ashenzari
Cheibriados
Dithmenos
Elyvilon
Fedhas
Gozag
Hepliaklqana
Kikubaaqudgha
Makhleb
Nemelex Xobeh
Okawaru
Qazlal
Ru
Sif Muna
Trog
Uskayaw
Vehumet
Wu Jian
Xom
Yredelemnul
Zin
The Shining One

Shops:
D:1 ?   D:4 ?   D:9 *   D:10 *

Annotations:
D:5 2 transporters, Beaer's ghost, novice OpFi


Innate Abilities, Weirdness & Mutations

You are immune to sickness and miasma.
Your stone body is resilient. (AC +8)
You are immune to poison.
You resist negative energy. (rN+)
You are resistant to electric shocks. (rElec)
You are resistant to unholy torment.
You are immune to petrification.


Message History

You conjure a globe of magical energy.
The komodo dragon bites you but does no damage.
Casting: Iskenderun's Battlesphere (dangerous; 1% risk of failure)
Confirm with . or Enter, or press ? or * to list all spells.
Aiming: Sandblast (safe; 1% risk of failure)
Press: ? - help, Shift-Dir - straight line, f - komodo dragon
Aim: a komodo dragon (89% to hit)
You feel a surge of power!
The blast of sand hits the komodo dragon!
The komodo dragon is moderately wounded.
Your battlesphere fires!
The barrage of energy hits the komodo dragon!
The komodo dragon is severely wounded.
The komodo dragon closely misses you. You block the komodo dragon's attack.
Casting: Sandblast (safe; 1% risk of failure)
Confirm with . or Enter, or press ? or * to list all spells.
Aiming: Sandblast (safe; 1% risk of failure)
Press: ? - help, Shift-Dir - straight line, f/p - komodo dragon
Aim: a komodo dragon (severely wounded, 89% to hit)
You feel a surge of power!
The blast of sand hits the komodo dragon.
The komodo dragon is severely wounded.
Your battlesphere fires!
The barrage of energy hits the komodo dragon but does no damage.
The komodo dragon is severely wounded.
The komodo dragon bites you!!
* * * LOW HITPOINT WARNING * * *
Casting: Sandblast (safe; 1% risk of failure)
Confirm with . or Enter, or press ? or * to list all spells.
Aiming: Sandblast (safe; 1% risk of failure)
Press: ? - help, Shift-Dir - straight line, f/p - komodo dragon
Aim: a komodo dragon (severely wounded, ally target, 89% to hit)
You feel a surge of power!
The blast of sand hits the komodo dragon.
The komodo dragon is severely wounded.
Your battlesphere fires!
The barrage of energy hits the komodo dragon.
The komodo dragon is almost dead.
The komodo dragon barely misses you. The komodo dragon bites you!
You die...

...........
.......=...#.#+.#.###.#
...........#........#.#
##.... ............# .
#..........
..#........#
...........#
...........#.#
#....@l....#
#....#.###.# .......
... ....... ..*..
....... ...[.# .......
.....# ....... .....#
..##### .##..#


You could see a komodo dragon (ally target) and a friendly battlesphere.

Vanquished Creatures
  The ghost of hitsuchi the Martial Artist, a journeyman MeSh of Okawaru (D:10)
  Erolcha (D:9)
  Erica (D:9)
  The ghost of ouz the Carver, a novice DsGl of Okawaru (D:9)
  2 two-headed ogres (D:11)
  A soul eater (D:10)
  Sonja (Lair:1)
  Amaemon (Lair:1)
  A sun demon (D:10)
  3 manticores (D:11)
  An ugly thing (D:11)
  An elephant (D:11)
  A cyclops (D:11)
  A black mamba (Lair:1)
  Maurice (D:11)
  3 rust devils (D:10)
  An orange demon (Lair:1)
  Maggie (D:7)
  A cane toad (Lair:1)
  A smoke demon (D:10)
  An unseen horror (D:7)
  3 kobold demonologists
  A komodo dragon (Lair:1)
  2 ice devils (D:10)
  3 trolls
  A red devil (D:10)
  A hellwing (D:10)
  3 ynoxinuls
  A wraith (D:10)
  13 yaks
  A shadow (D:7)
  3 wyverns
  A basilisk (D:11)
  Eustachio (D:4)
  A chaos spawn (D:10)
  An acid dragon (D:11)
  Duvessa (D:7)
  3 water moccasins
  5 orc warriors (D:9)
  4 black bears
  An ice beast (D:8)
  An ogre (D:5)
  8 centaurs
  A phantom (D:5)
  A bullfrog (D:7)
  3 kobold brigands
  3 gnoll sergeants
  6 wights
  9 killer bees
  Dowan (D:7)
  2 howler monkeys (D:11)
  A quasit (D:10)
  Crazy Yiuf (D:7)
  An orc priest (D:9)
  A jelly (D:5)
  2 gnoll boudas
  6 hounds
  Natasha (thrice) (D:3)
  4 iguanas
  7 orc wizards
  2 sleepcaps
  26 gnolls
  7 adders
  A shadow imp (D:6)
  3 white imps (D:7)
  An ufetubus (D:4)
  4 worms (D:2)
  A dart slug (D:1)
  33 orcs
  12 endoplasms
  2 giant cockroaches
  7 goblins
  5 hobgoblins
  3 jackals (D:2)
  32 kobolds
  5 quokkas
  5 ball pythons
  4 bats
  2 frilled lizards
  4 rats
296 creatures vanquished.

Notes
Turn   | Place    | Note
-------+----------+-------------------------------------------
     0 | D:1      | Essalna the Gargoyle Earth Elementalist began the quest for
                  | the Orb.
     0 | D:1      | Reached XP level 1. HP: 10/10 MP: 3/3
    99 | D:1      | Reached skill level 1 in Transmutations
   210 | D:1      | Reached XP level 2. HP: 15/15 MP: 3/5
   368 | D:1      | Found a faded altar of an unknown god.
   530 | D:1      | Found Tanuruoh's Magic Scroll Emporium.
   658 | D:1      | Reached XP level 3. HP: 19/19 MP: 0/6
  1226 | D:2      | Learned a level 3 spell: Stone Arrow
  1284 | D:2      | Reached XP level 4. HP: 24/24 MP: 3/8
  1383 | D:2      | Found a shimmering altar of Xom.
  1387 | D:2      | Identified the +1 ring mail of Complete Protection {+Blink
                  | rElec MP+9 Slay-2}
  2044 | D:3      | Noticed Natasha
  2048 | D:3      | Killed Natasha
  2049 | D:3      | Reached skill level 1 in Fighting
  2049 | D:3      | Reached skill level 1 in Conjurations
  2074 | D:3      | Reached XP level 5. HP: 29/29 MP: 9/9
  2134 | D:3      | Noticed Natasha
  2138 | D:3      | Killed Natasha
  2214 | D:3      | Reached skill level 1 in Armour
  2311 | D:3      | Noticed Natasha
  2316 | D:3      | Killed Natasha
  2476 | D:3      | Reached XP level 6. HP: 35/35 MP: 10/10
  2661 | D:3      | Identified the +2 long sword "Dragon's Demise" {heavy,
                  | Dex+2}
  2959 | D:4      | Noticed a black bear
  2965 | D:4      | Killed a black bear
  2966 | D:4      | Reached skill level 5 in Earth Magic
  3180 | D:4      | Noticed Eustachio
  3189 | D:4      | Killed Eustachio
  3190 | D:4      | Reached XP level 7. HP: 38/40 MP: 12/12
  3307 | D:4      | Found Oruer's Magic Scroll Shoppe.
  3313 | D:4      | Bought a scroll of teleportation for 30 gold pieces
  3479 | D:5      | Entered Level 5 of the Dungeon
  3555 | D:5      | Reached XP level 8. HP: 25/47 MP: 9/14
  3808 | D:5      | Found a staircase to the Ecumenical Temple.
  3828 | Temple   | Entered the Ecumenical Temple
  3859 | Temple   | Became a worshipper of Vehumet
  3897 | D:5      | Identified the +2 plate armour "Kubyngy" {rF+}
  3928 | D:5      | Found a transporter.
  3928 | D:5      | Noticed Beaer's ghost (novice OpFi)
  3938 | D:5      | Found a transporter.
  4658 | D:6      | Noticed a kobold demonologist
  4664 | D:6      | Noticed a ynoxinul
  4665 | D:6      | Noticed an ice devil
  4665 | D:6      | Killed a kobold demonologist
  4666 | D:6      | Reached skill level 5 in Fighting
  4666 | D:6      | Reached skill level 5 in Armour
  4666 | D:6      | Reached skill level 5 in Conjurations
  4666 | D:6      | Noticed a kobold demonologist
  4670 | D:6      | Killed a kobold demonologist
  4671 | D:6      | Reached XP level 9. HP: 54/54 MP: 13/15
  5000 | D:7      | Reached * piety under Vehumet
  5000 | D:7      | Offered knowledge of Kiss of Death by Vehumet.
  5171 | D:7      | Noticed Duvessa
  5172 | D:7      | Noticed Dowan
  5174 | D:7      | Killed Dowan
  5178 | D:7      | Killed Duvessa
  5426 | D:7      | Killed an unseen horror
  5578 | D:7      | Noticed Maggie
  5582 | D:7      | Killed Maggie
  5904 | D:7      | Found a runed translucent door.
  5905 | D:7      | Noticed Crazy Yiuf
  5910 | D:7      | Killed Crazy Yiuf
  5958 | D:8      | Offered knowledge of Poisonous Vapours by Vehumet.
  6041 | D:8      | Noticed a troll
  6047 | D:8      | Killed a troll
  6048 | D:8      | Reached XP level 10. HP: 59/63 MP: 13/16
  6293 | D:8      | Reached ** piety under Vehumet
  6467 | D:8      | Reached skill level 1 in Shields
  6675 | D:8      | Found a shimmering altar of Xom.
  6675 | D:8      | Found a shadowy altar of Dithmenos.
  6893 | D:9      | Noticed Erolcha
  6897 | D:9      | Killed Erolcha
  6898 | D:9      | Reached skill level 10 in Earth Magic
  6917 | D:9      | Found a runed translucent door.
  6917 | D:9      | Noticed ouz's ghost (novice DsGl)
  7136 | D:9      | Offered knowledge of Scorch by Vehumet.
  7141 | D:9      | Noticed Erica
  7145 | D:9      | Killed Erica
  7178 | D:9      | Noticed a kobold demonologist
  7184 | D:9      | Killed a kobold demonologist
  7185 | D:9      | Reached *** piety under Vehumet
  7284 | D:9      | Reached XP level 11. HP: 69/69 MP: 7/17
  7464 | D:9      | Offered knowledge of Fulminant Prism by Vehumet.
  7472 | D:9      | Found Duucan's Assorted Antiques.
  7942 | D:10     | Entered Level 10 of the Dungeon
  8035 | D:10     | Found Garemmur's General Store.
  8251 | D:10     | Reached **** piety under Vehumet
  8320 | D:10     | Offered knowledge of Iskenderun's Mystic Blast by Vehumet.
  8422 | D:10     | Reached skill level 10 in Conjurations
  8430 | D:10     | Reached skill level 10 in Fighting
  8475 | D:10     | Found a large runed translucent door.
  8475 | D:10     | Found a large runed translucent door.
  8479 | D:10     | Noticed hitsuchi's ghost (journeyman MeSh)
  8543 | D:10     | Noticed a sun demon
  8548 | D:10     | Killed a sun demon
  8684 | D:10     | Noticed a soul eater
  8692 | D:10     | Killed a soul eater
  8909 | D:10     | Reached XP level 12. HP: 79/79 MP: 18/18
  9120 | D:10     | Killed hitsuchi's ghost
  9316 | D:11     | Found a staircase to the Lair.
  9322 | D:11     | Noticed Maurice
  9335 | D:11     | Something stole 209 gold
  9336 | D:11     | Something stole a +1 heavy long sword
  9348 | D:11     | Killed Maurice
  9464 | D:11     | Noticed a two-headed ogre
  9468 | D:11     | Killed a two-headed ogre
 10056 | D:11     | Noticed a two-headed ogre
 10059 | D:11     | Killed a two-headed ogre
 10427 | D:9      | Killed ouz's ghost
 10481 | D:9      | Learned a level 5 spell: Lee's Rapid Deconstruction
 10581 | Lair:1   | Entered Level 1 of the Lair of Beasts
 10581 | Lair:1   | Noticed Amaemon
 10589 | Lair:1   | Killed Amaemon
 10593 | Lair:1   | Reached ***** piety under Vehumet
 10593 | Lair:1   | Offered knowledge of Iskenderun's Battlesphere by Vehumet.
 10600 | Lair:1   | Learned a level 5 spell: Iskenderun's Battlesphere
 10711 | Lair:1   | Noticed Sonja
 10715 | Lair:1   | Killed Sonja
 10734 | Lair:1   | Slain by a komodo dragon

Illustrated notes

Levels and vault maps discovered:
D:1:      minmay_arrival_jagged, layout_basic, serial_shops,
          nicolae_shop_real_fake_doors, basic_ecumenical_altar,
          minmay_misc_feat_pillars
D:2:      layout_loops_ring, basic_altar, grunt_ministairs_6
D:3:      layout_basic, uniq_natasha
D:4:      layout_loops_ring, serial_shops, shop, uniq_eustachio
D:5:      layout_basic, minmay_temple_entry_tees, gammafunk_ghost_smash
D:6:      layout_loops_ring
D:7:      layout_cave_pools, roderic_lattice_a, uniq_duvessa,
          uniq_crazy_yiuf_cottage, uniq_maggie
D:8:      layout_gridville, gammafunk_temple_overflow_elements
D:9:      layout_loops_ring, hellmonk_ghost_big_iron, serial_shops, shop,
          uniq_erolcha, uniq_erica
D:10:     layout_basic, ebering_ghost_disaster_area, serial_shops,
          nicolae_diamond_shop, serial_demonic, serial_demonic_a,
          serial_demonic_e, serial_demonic_g, serial_demonic_f,
          serial_demonic_g, serial_demonic_b
D:11:     layout_stronghold, david_lair_generic, uniq_maurice
Temple:   mainiacjoe_temple_big_plus
Lair:1:   layout_regular_city, lemuel_fruit_fields, grunt_megastairs_4,
          lemuel_fruit_fields, infiniplex_staircase_pool, uniq_sonja,
          uniq_amaemon

Skill      XL: |  1  2  3  4  5  6  7  8  9 10 11 12 |
---------------+-------------------------------------+-----
Transmutations | 1 2 |  2.0
Earth Magic    | 4 5 6 7 9 10 12 | 12.3
Fighting       | 1 2 3 5 7 8 10 12 | 12.4
Spellcasting   | 3 4 |  4.3
Conjurations   | 1 3 5 7 8 10 12 | 12.5
Armour         | 1 2 3 5 |  5.4
Shields        | 3 4 |  4.5
Dodging        | 3 4 |  4.3
Stealth        | |  2.1

Action                     |  1- 3 |  4- 6 |  7- 9 | 10-12 || total
---------------------------+-------+-------+-------+-------++-------
  Melee: Dagger            |    10 |       |       |       ||    10
         Staff             |       |       |     9 |     2 ||    11
   Cast: Sandblast         |    50 |    87 |   139 |    59 ||   335
         Stone Arrow       |       |       |    14 |   274 ||   288
         Iskenderun's Batt |       |       |       |     3 ||     3
Ability: Evoke Blink       |       |     1 |       |       ||     1
    Use: Potion            |       |       |       |     2 ||     2
         Scroll            |       |       |       |     7 ||     7
 Armour: Robe              |    11 |       |       |       ||    11
         Ring mail         |       |    27 |    79 |   128 ||   234
  Dodge: Dodged            |    14 |    22 |    65 |    82 ||   183
  Block: Buckler           |       |       |       |    24 ||    24

Table legend: (Time is in decaauts)
 A = Elapsed time spent in this place.
 B = Non-inter-level travel time spent in this place.
 C = Inter-level travel time spent in this place.
 D = Time resting spent in this place.
 E = Time spent auto-exploring this place.
 F = Levels seen in this place.
 G = Mean time per level.
                   A        B        C        D        E       F      G
               +--------+--------+--------+--------+--------+-----+--------+
         Total |  10905 |  10361 |    544 |     33 |   8734 |  13 |  838.8 |
       Dungeon |  10682 |  10197 |    485 |     33 |   8634 |  11 |  971.1 |
        Temple |     61 |      2 |     59 |      0 |      0 |   1 |   61.0 |
          Lair |    161 |    161 |      0 |      0 |     99 |   1 |  161.0 |
               +--------+--------+--------+--------+--------+-----+--------+

Top non-repeatable levels by time:
     D:9: 1325 daAuts
    D:10: 1281 daAuts
    D:11: 1157 daAuts
     D:3: 1034 daAuts
     D:2: 983 daAuts
     D:7: 982 daAuts
     D:8: 892 daAuts
     D:1: 792 daAuts
     D:6: 783 daAuts
     D:4: 736 daAuts
     D:5: 711 daAuts
  Lair:1: 161 daAuts
  Temple: 61 daAuts
